 Dungeon Crawl Stone Soup version 0.31-a0-152-g6aa68a64a1 (webtiles) character file.

Game seed: 419028145484183692

56 qw the Shooter (level 3, 0/31 HPs)
             Began as a Minotaur Hunter on June 9, 2023.
             Slain by a goblin
             ... wielding a +0 club
             ... led by Robin
              (4 damage)
             ... on level 2 of the Dungeon.
             The game lasted 00:00:24 (744 turns).

qw the Shooter (Minotaur Hunter)                     Turns: 744, Time: 00:00:25

Health: 0/31       AC:  5    Str: 15    XL:     3   Next: 71%
Magic:  2/2        EV: 11    Int:  6    God:
Gold:   41         SH:  0    Dex: 15    Spells: 2/2 levels left

rFire   . . .        Y - +0 shortbow
rCold   . . .        (shield currently unavailable)
rNeg    . . .        f - +0 ring mail
rPois   .            (helmet restricted)
rElec   .            (no cloak)
rCorr   .            (no gloves)
SInv    .            (no boots)
Will    .....        (no amulet)
Stlth   +            (no ring)
HPRegen 0.25/turn    (no ring)
MPRegen 0.08/turn

%: no passive effects
@: no status effects
A: horns 2, retaliatory headbutt
a: no special abilities


You were on level 2 of the Dungeon.
You visited 1 branch of the dungeon, and saw 2 of its levels.

You collected 41 gold pieces.


Innate Abilities, Weirdness & Mutations

You have a pair of horns on your head.
You reflexively headbutt those who attack you in melee.


   Skills:
 - Level 3.0 Fighting
 + Level 5.6 Ranged Weapons
 - Level 1.0 Armour
 - Level 2.1 Dodging
 - Level 0.7 Stealth


You had 2 spell levels left.
You didn't know any spells.
Your spell library was empty.

Inventory:

Hand Weapons
 Y - a +0 shortbow (weapon)
Armour
 f - a +0 ring mail (worn)
Scrolls
 a - 3 scrolls of identify
 b - a scroll of fear {unknown}
 c - a scroll of enchant armour {unknown}
Potions
 d - 2 potions of degeneration {unknown}
 h - a potion of invisibility {unknown}
 i - a potion of attraction {unknown}

Dungeon Overview and Level Annotations

Branches:
Dungeon (2/15)

Altars:

Annotations:
D:2 Robin


Message History

You shoot an arrow. The arrow hits the goblin!
You kill the goblin!
Robin says, "Bow before me, strongest of all the hobgoblins!"
Robin roars a battlecry!
The goblins go into a battle-frenzy!
A goblin comes into view. It is wielding a +0 dagger.
You hear a shout!
You shoot an arrow. The arrow closely misses the hobgoblin.
The hobgoblin closely misses you. Robin throws the goblin at you!
The goblin hits you with a +0 dagger.
735 ||| Stepping ~*~*~tactically~*~*~ (outnumbered).
The goblin barely misses you. You furiously retaliate!
You headbutt the goblin.
You kill the goblin!
You shoot an arrow. The arrow closely misses the hobgoblin.
The hobgoblin barely misses you. You furiously retaliate!
You headbutt the hobgoblin!
You kill the hobgoblin!
You shoot an arrow. The arrow hits the goblin!
You kill the goblin!
The goblin closely misses you.
738 ||| Stepping ~*~*~tactically~*~*~ (outnumbered).
Enter note: You shoot an arrow.
The arrow closely misses the hobgoblin.
The goblin hits you with a +0 club. The hobgoblin barely misses you.
You shoot an arrow. The arrow barely misses the hobgoblin.
The goblin barely misses you.
You shoot an arrow. The arrow barely misses the hobgoblin.
The hobgoblin hits you.
You shoot an arrow.
The arrow hits the hobgoblin but does no damage.
The goblin hits you with a +0 club. x2; The hobgoblin closely misses you.
You furiously retaliate!
You headbutt the hobgoblin. The hobgoblin hits you.
The goblin hits you with a +0 club. x2
You shoot an arrow. The arrow hits the hobgoblin!
You kill the hobgoblin!
The goblin no longer looks unusually strong.
The goblin hits you but does no damage.
You shoot an arrow. The arrow barely misses the goblin.
The goblin hits you with a +0 club.
You die...

.##.##.........#
..#...%.......##
#....#.........#
...............# #
..###..........#
#####.# .
#..........# .......
##.........##.......
#........##........
...........>#@g......
###....####ggg#######
##.......Kg##
#####....g# #####.)
##.. .K$ .g.g ....g


You could see Robin, a hobgoblin (strong), 4 goblins and a kobold.

Vanquished Creatures
  An adder (D:2)
  A dart slug (D:1)
  3 ball pythons (D:1)
  7 endoplasms
  A giant cockroach (D:1)
  9 goblins
  5 hobgoblins
  A quokka (D:1)
  4 bats
  2 frilled lizards
  4 kobolds (D:1)
  2 rats (D:2)
40 creatures vanquished.

Notes
Turn   | Place    | Note
-------+----------+-------------------------------------------
     0 | D:1      | qw the Minotaur Hunter began the quest for the Orb.
     0 | D:1      | Reached XP level 1. HP: 18/18 MP: 0/0
     0 | D:1      | 0 ||| qw: Version: 0.2-a-122-gbc61b45
     0 | D:1      | 0 ||| qw: Game counter: 3371
     0 | D:1      | 0 ||| qw: Always use a shield: true
     0 | D:1      | 0 ||| qw: God list: Okawaru
     0 | D:1      | 0 ||| qw: Allow faded altars: false
     0 | D:1      | 0 ||| qw: Do Orc after D:15 true
     0 | D:1      | 0 ||| qw: Do second Lair branch before Depths: true
     0 | D:1      | 0 ||| qw: Lair rune preference: random
     0 | D:1      | 0 ||| qw: Plans: Normal
     0 | D:1      | 0 ||| PLANNING D:1-11
    76 | D:1      | Reached XP level 2. HP: 25/25 MP: 1/1
    88 | D:1      | Reached skill level 5 in Ranged Weapons
   250 | D:1      | Reached skill level 3 in Fighting
   293 | D:1      | Found a faded altar of an unknown god.
   386 | D:1      | Reached XP level 3. HP: 29/31 MP: 2/2
   622 | D:1      | 622 ||| UPGRADING to +0 ring mail.
   632 | D:1      | 632 ||| DROPPING +0 leather armour.
   633 | D:1      | 633 ||| READING 2 scrolls labelled JECHAV ILIURUE.
   634 | D:1      | 634 ||| READING scroll labelled XOESTI BEXTI.
   635 | D:1      | 635 ||| READING 2 scrolls labelled KYHIRY KYSHREMI.
   636 | D:1      | 636 ||| READING scroll labelled QYTWETAXUCA.
   637 | D:1      | 637 ||| READING scroll labelled REWIEBB LAPAE.
   641 | D:1      | 641 ||| DROPPING scroll of butterflies.
   642 | D:1      | 642 ||| DROPPING scroll of poison.
   694 | D:2      | Reached skill level 1 in Armour
   731 | D:2      | Noticed Robin
   735 | D:2      | 735 ||| Stepping ~*~*~tactically~*~*~ (outnumbered).
   738 | D:2      | 738 ||| Stepping ~*~*~tactically~*~*~ (outnumbered).
   742 | D:2      | HP: 4/31 [goblin/+0 club[Robin] (5)]
   744 | D:2      | Slain by a goblin

Levels and vault maps discovered:
D:1:      lightli_arrival_quake, layout_loops_ring, basic_ecumenical_altar,
          hangedman_decor_peaks_small
D:2:      layout_rooms, uniq_sigmund, uniq_robin

Skill      XL: |  1  2  3 |
---------------+----------+-----
Ranged Weapons | 5 |  5.6
Fighting       | 3 |  3.0
Armour         | 1 |  1.0
Dodging        | |  2.1
Stealth        | |  0.7

Action                     || total
---------------------------++-------
   Fire: Shortbow          ||   104
    Use: Scroll            ||     5
 Armour: Leather armour    ||     7
         Ring mail         ||     7
  Dodge: Dodged            ||    42

Table legend:
 A = Non-vault XP
 B = Vault XP
 C = Vault XP percentage of total XP
 D = Non-vault monster count
 E = Vault monster count
 F = Vault count percentage of total count
                 A         B        C        D         E       F
            +---------+---------+-------+---------+---------+-------
      Total |      67 |      14 |  17.3 |      33 |       7 |  17.5
            +---------+---------+-------+---------+---------+-------
        D:1 |      43 |       0 |   0.0 |      25 |       0 |   0.0
        D:2 |      24 |      14 |  36.8 |       8 |       7 |  46.7
            +---------+---------+-------+---------+---------+-------
